Map: Romanticide LE

Players

MaSa - Winner!

  • Race: Terran Terran

Vindicta

  • Race: Terran Terran
  • League: Grandmaster

Event: DreamHack SC2 Masters 2021 Summer

VOD

Have the link to the VOD?

Description

Time

  • Played on: May 25, 2021, 5:31 p.m.
  • Length: 19:04

All games in this series

Show
View Real Time Build Order
Export as new Build Order

MaSa Terran - Winner!

Build Orders:  

Get SALT Encoding   

  12  0:00  SCV  
  13  0:12  SCV  
  14  0:17  Supply Depot  
  14  0:24  SCV  
  15  0:38  SCV  
  15  0:40  Barracks  
  16  0:44  Refinery  
  16  0:57  Barracks  
  16  1:00  SCV  
  17  1:12  SCV  
  18  1:27  Reaper, Orbital Command  
  18  1:30  Supply Depot  
  19  1:44  Reaper  
  20  1:53  SCV  
  21  2:03  Reaper  
  21  2:06  SCV  
  23  2:11  Command Center  
  23  2:19  SCV  
  23  2:20  Refinery  
  24  2:23  Reaper  
  25  2:32  Bunker  
  25  2:33  SCV  
  26  2:45  Marine  
  26  2:51  SCV  
  26  2:54  Supply Depot  
  26  2:58  Factory  
  26  3:04  SCV  
  27  3:05  Barracks Reactor  
  27  3:09  Bunker  
  27  3:16  SCV  
  28  3:23  Orbital Command  
  28  3:28  SCV  
  29  3:41  SCV  
  30  3:47  Starport, Factory Tech Lab, Refinery  
  30  3:50  SCV  
  30  3:53  SCV  
  32  4:02  SCV  
  33  4:05  SCV  
  33  4:06  Cyclone  
  37  4:11  Command Center  
  37  4:18  Marine x2  
  37  4:20  SCV  
  37  4:21  SCV  
  37  4:23  Starport Tech Lab  
  41  4:33  SCV x2  
  43  4:45  SCV, Raven  
  42  4:46  Barracks  
  42  4:48  Siege Tank  
  42  4:50  SCV, Barracks  
  42  4:51  Marine  
  42  4:52  Marine  
  49  4:57  SCV  
  50  5:02  SCV  
  50  5:05  Supply Depot  
  51  5:09  SCV  
  51  5:10  Marine x2  
  54  5:22  Refinery, SCV x2, Siege Tank  
  54  5:23  Orbital Command  
  59  5:35  SCV x2  
  61  5:41  Barracks Reactor x2, Marine, Stimpack  
  61  5:42  Viking  
  64  5:43  Viking  
  64  5:47  SCV x2  
  68  5:53  SCV  
  68  5:56  Engineering Bay  
  69  5:58  Engineering Bay  
  69  5:59  SCV  
  70  6:05  SCV  
  70  6:06  SCV  
  70  6:07  Marine, Supply Depot  
  70  6:09  Orbital Command, Siege Tank  
  76  6:13  SCV  
  77  6:25  Terran Infantry Armor Level 1  
  77  6:29  SCV x2, Terran Infantry Weapons Level 1, Viking x2  
  83  6:33  Supply Depot  
  83  6:34  Marine x2, Supply Depot  
  83  6:37  Refinery  
  85  6:54  Barracks x2, Marine x3  
  85  6:55  SCV x3, Siege Tank  
  85  6:56  Marine x2  
  85  7:01  Viking  
  97  7:03  Viking  
  97  7:07  SCV x2  
  101  7:12  Supply Depot  
  101  7:23  Combat Shield  
  101  7:28  Supply Depot x2  
  101  7:33  SCV x2, Marine x3, Siege Tank  
  109  7:37  Sensor Tower  
  109  7:49  Marine x2  
  109  7:50  SCV x3, Medivac x2  
  109  7:51  Marine  
  119  7:56  Marine  
  119  7:57  Barracks Reactor x2  
  120  8:00  Supply Depot  
  120  8:02  SCV x3, Supply Depot  
  120  8:04  Marine  
  124  8:07  Armory, Marine  
  125  8:21  SCV x3, Marine  
  125  8:22  Supply Depot  
  125  8:26  Marine x2  
  125  8:27  Marine, Command Center, Siege Tank  
  130  8:34  Marine x2, Medivac x2  
  141  8:43  SCV x2  
  141  8:47  Marine x5  
  141  8:48  Marine  
  145  8:53  Marine x3  
  148  8:56  Supply Depot  
  148  9:05  Marine  
  148  9:07  Terran Infantry Armor Level 2, Terran Infantry Weapons Level 2  
  149  9:10  Supply Depot x2  
  149  9:17  Marine x2, Medivac x2  
  149  9:18  Marauder  
  157  9:26  Barracks x2  
  157  9:29  Barracks  
  157  9:31  Marine x3  
  160  9:39  Marauder, Marine x4  
  160  9:40  Siege Tank  
  160  9:42  SCV x2  
  171  9:55  Marine x4  
  171  9:59  Medivac x2  
  178  10:01  Marauder  
  161  10:15  Marine  
  161  10:16  Marine x7  
  160  10:22  Marauder  
  160  10:26  SCV x3  
  151  10:32  Barracks Tech Lab x2  
  151  10:33  Barracks Tech Lab, Marine x5  
  151  10:34  Marine  
  155  10:36  Orbital Command  
  155  10:38  SCV  
  155  10:39  Marine x2  
  158  10:43  Marauder, Command Center  
  157  10:51  Marine x3  
  157  10:52  Marine x3  
  157  10:53  Marauder, Marine x2  
  157  10:55  Viking x2  
  164  11:05  Marauder, Marine x2  
  164  11:08  Marine  
  164  11:09  Marine  
  164  11:10  Marine x2  
  164  11:11  Marauder x2  
  176  11:14  Marauder  
  176  11:17  Marine, Concussive Shells  
  182  11:18  Siege Tank  
  182  11:25  Medivac x2  
  186  11:26  Marauder  
  186  11:32  Marauder, Marine x2  
  182  11:33  Marauder, Marine x2  
  182  11:35  Marauder  
  166  11:43  Marine x3  
  157  11:48  Marauder  
  157  11:54  Marauder x2, Marine x3  
  161  11:55  Medivac x2  
  161  12:00  Starport x2, Planetary Fortress  
  161  12:02  SCV x2, Marine  
  161  12:03  Terran Infantry Weapons Level 3, Marauder  
  161  12:06  Siege Tank  
  166  12:18  Marauder x2, Marine  
  166  12:20  Marine x4  
  166  12:21  Marauder  
  166  12:22  SCV x2  
  173  12:24  SCV x2  
  173  12:25  Medivac x2  
  172  12:33  Marauder, Marine  
  172  12:34  SCV  
  172  12:35  SCV  
  172  12:36  SCV  
  177  12:38  Siege Tank  
  177  12:39  Marauder, Medivac x2  
  182  12:49  Marauder, Marine x3  
  183  12:56  Marauder, Marine, Medivac x2  
  183  12:57  Marauder, Marine x3  
  177  13:01  Marauder, Marine  
  180  13:07  Marine x2  
  180  13:11  Marauder  
  178  13:12  Marine  
  178  13:13  Siege Tank  
  178  13:14  Marine  
  178  13:15  Marine  
  178  13:18  Marauder, Marine, Medivac  
  178  13:19  Marauder, Marine  
  192  13:22  Marauder, Marine  
  195  13:32  Marauder  
  191  13:35  Marine  
  191  13:36  Marine  
  191  13:39  Marauder  
  192  13:48  Marauder x2, Marine x4  
  194  13:49  Siege Tank  
  200  13:58  Starport Reactor x2  
  198  14:04  Marauder, Marine  
  187  14:12  Marauder, Marine x2  
  174  14:20  Marauder x2, Marine x4  
  174  14:21  Viking x2  
  174  14:26  Marauder, Marine x2  
  174  14:29  Marine  
  174  14:30  SCV, Marine  
  174  14:33  Marauder, Command Center  
  174  14:34  Command Center  
  174  14:38  Marine x4  
  160  14:42  Marauder x2  
  160  14:43  SCV, Marine  
  158  14:48  Marauder  
  158  14:51  Medivac  
  158  14:52  Marine x3  
  161  14:55  Marauder, Marine  
  161  14:56  Marine  
  151  15:02  Marine x2  
  151  15:03  Marauder x2  
  151  15:06  Refinery  
  144  15:09  Marauder  
  143  15:15  Marine x3  
  143  15:16  Marauder, Marine x2  
  143  15:18  Marine  
  142  15:23  Medivac x2  
  142  15:24  Marauder x2  
  150  15:28  Orbital Command  
  150  15:29  Medivac  
  150  15:30  Marauder, Medivac  
  150  15:33  SCV x2  
  150  15:35  Marine x7  
  162  15:37  Viking  
  162  15:38  Marauder  
  169  15:44  Marine  
  169  15:45  Marine  
  169  15:46  Marauder, Missile Turret  
  169  15:48  SCV  
  170  15:51  Marine  
  170  15:52  Marine  
  170  15:53  Marine x3  
  170  15:54  Marine x3  
  175  15:59  Marauder  
  175  16:02  Marine  
  175  16:03  SCV x2  
  175  16:04  Orbital Command, Marauder  
  182  16:07  Marauder  
  182  16:09  Marauder  
  182  16:10  Marine x2  
  182  16:11  Marine x3  
  186  16:14  Marine  
  186  16:16  Missile Turret  
  186  16:19  Terran Infantry Armor Level 3  
  186  16:20  Marauder  
  186  16:25  Marauder  
  185  16:29  Marauder  
  185  16:30  Terran Vehicle And Ship Armor Level 1  
  185  16:31  Marine x4  
  186  16:35  Marine  
  186  16:36  Marauder, Marine x2  
  187  16:42  Marine  
  187  16:43  Marauder  
  187  16:46  Marine  
Show
View Real Time Build Order
Export as new Build Order

Vindicta Terran 

Build Orders: Mech 

Get SALT Encoding   

  12  0:00  SCV  
  13  0:13  SCV  
  14  0:17  Supply Depot  
  14  0:25  SCV  
  14  0:28  Refinery  
  15  0:39  SCV  
  16  0:44  Barracks  
  16  0:51  SCV  
  16  0:54  Refinery  
  17  1:03  SCV  
  18  1:15  SCV  
  19  1:30  Orbital Command  
  19  1:31  Reaper  
  20  1:36  Factory  
  20  1:45  Supply Depot  
  20  1:56  SCV  
  21  2:03  Reaper  
  21  2:08  SCV  
  23  2:20  SCV, Hellion  
  26  2:34  SCV  
  26  2:35  Reaper  
  27  2:42  Hellion  
  27  2:53  SCV, Command Center  
  27  2:54  Supply Depot  
  28  3:04  Factory Tech Lab  
  28  3:07  Starport, Barracks Tech Lab  
  28  3:11  SCV  
  29  3:22  Cyclone  
  29  3:23  SCV  
  33  3:30  Refinery  
  33  3:32  Barracks Reactor  
  33  3:36  SCV  
  34  3:48  SCV  
  35  4:00  SCV  
  35  4:02  Command Center  
  41  4:19  Orbital Command  
  41  4:22  Marine x2  
  41  4:30  Raven  
  40  4:33  SCV, Siege Tank  
  42  4:40  Marine x2  
  42  4:46  SCV  
  43  4:58  SCV, Marine  
  43  4:59  SCV  
  46  5:01  Marine  
  47  5:09  Refinery  
  47  5:10  SCV  
  47  5:11  SCV, Siege Tank  
  52  5:15  Raven  
  54  5:22  SCV, Orbital Command  
  54  5:25  SCV  
  54  5:28  Marine  
  56  5:29  Marine  
  56  5:34  SCV  
  59  5:37  SCV  
  60  5:44  Supply Depot  
  60  5:45  Siege Tank  
  60  5:46  SCV  
  60  5:49  SCV x2  
  65  5:58  SCV, Marine x2  
  69  6:04  Orbital Command  
  69  6:05  SCV, Raven  
  69  6:08  Supply Depot  
  69  6:13  SCV  
  69  6:14  Factory  
  69  6:16  Factory  
  69  6:17  SCV  
  71  6:20  Siege Tank  
  74  6:25  SCV  
  74  6:29  SCV  
  74  6:30  SCV  
  74  6:31  Supply Depot  
  77  6:38  SCV  
  78  6:41  SCV  
  78  6:42  SCV  
  78  6:43  Refinery  
  78  6:45  Refinery, Engineering Bay  
  80  6:50  SCV  
  80  6:52  Siege Tank  
  80  6:53  SCV  
  84  6:54  SCV, Supply Depot  
  84  6:55  Viking  
  84  6:59  Viking  
  89  7:02  SCV  
  89  7:05  SCV  
  89  7:14  SCV, Armory x2  
  89  7:15  SCV  
  91  7:16  Supply Depot  
  91  7:21  SCV  
  91  7:24  Sensor Tower  
  91  7:28  Viking  
  91  7:30  Viking  
  91  7:34  SCV  
  94  7:37  SCV  
  94  7:39  SCV  
  95  7:45  Missile Turret, Siege Tank  
  95  7:46  SCV  
  95  7:48  Factory Reactor  
  99  7:53  SCV  
  99  7:55  Sensor Tower  
  99  7:56  SCV  
  68  7:58  Viking  
  101  7:59  Supply Depot  
  101  8:03  Viking  
  101  8:04  SCV  
  101  8:05  SCV  
  110  8:08  SCV  
  111  8:14  Terran Vehicle Weapons Level 1  
  111  8:15  Terran Vehicle And Ship Armor Level 1  
  111  8:17  Siege Tank  
  114  8:23  SCV  
  114  8:24  SCV  
  114  8:25  Supply Depot  
  115  8:30  Hellion x2  
  115  8:31  Supply Depot  
  115  8:32  Viking  
  121  8:36  SCV x2  
  121  8:37  Liberator, Sensor Tower  
  121  8:53  Supply Depot  
  121  8:54  Siege Tank  
  121  8:55  Hellion x2  
  125  8:56  SCV  
  125  9:02  Viking  
  128  9:03  Siege Tank  
  129  9:12  Command Center  
  129  9:13  Infernal Pre-Igniter  
  129  9:15  SCV x2  
  129  9:19  Supply Depot  
  129  9:21  Viking  
  131  9:26  Thor  
  137  9:36  Thor  
  143  9:41  Sensor Tower  
  143  9:43  Hellion x2  
  147  9:46  Factory  
  147  9:47  SCV  
  147  9:48  Factory  
  148  9:55  Liberator, Viking  
  151  10:11  Supply Depot  
  139  10:14  Hellion, Siege Tank  
  139  10:18  Hellion  
  139  10:19  Siege Tank  
  139  10:22  SCV  
  139  10:26  Viking  
  131  10:32  Factory Tech Lab  
  131  10:33  Factory Tech Lab  
  131  10:35  Terran Vehicle And Ship Armor Level 2  
  129  10:36  Hellion  
  129  10:39  Hellion  
  132  10:46  Viking, Siege Tank  
  135  10:51  Hellion  
  137  10:57  Hellion, Siege Tank  
  137  10:58  SCV x2  
  144  11:04  Siege Tank, Supply Depot  
  144  11:10  Refinery  
  144  11:11  Refinery  
  142  11:12  Siege Tank  
  142  11:15  SCV  
  140  11:18  Liberator  
  140  11:22  Planetary Fortress  
  143  11:26  Hellion x3  
  143  11:30  Siege Tank  
  145  11:34  Viking  
  145  11:37  SCV x2  
  145  11:38  SCV  
  133  11:43  Siege Tank  
  133  11:45  Hellion  
  125  11:47  Hellion x2  
  125  11:48  Hellion  
  125  11:49  SCV  
  125  11:50  SCV  
  125  11:51  SCV  
  122  12:00  SCV  
  122  12:01  SCV, Sensor Tower  
  122  12:02  SCV, Hellion  
  122  12:03  SCV  
  122  12:06  Hellion  
  129  12:09  Terran Vehicle Weapons Level 2, Siege Tank  
  129  12:11  Hellion  
  129  12:15  SCV  
  135  12:18  SCV x2  
  135  12:19  SCV  
  136  12:23  Hellion  
  136  12:27  SCV  
  136  12:29  Refinery  
  137  12:31  SCV x2  
  137  12:32  SCV  
  137  12:34  Siege Tank  
  141  12:38  Liberator  
  141  12:39  SCV  
  141  12:44  Liberator  
  141  12:49  SCV x2  
  141  12:50  SCV  
  147  12:51  SCV  
  147  12:53  Siege Tank  
  147  12:54  Hellion  
  147  12:56  Hellion  
  137  13:01  SCV x2  
  137  13:03  SCV  
  146  13:07  Siege Tank  
  146  13:18  SCV x3  
  149  13:20  SCV  
  149  13:21  Viking  
  146  13:28  Hellion, Siege Tank  
  143  13:35  Missile Turret  
  143  13:36  Missile Turret  
  143  13:38  Command Center  
  143  13:39  Siege Tank  
  143  13:40  Hellion  
  142  13:42  SCV  
  142  13:43  Siege Tank  
  142  13:46  Missile Turret x2  
  142  13:47  Sensor Tower, Siege Tank  
  149  13:52  Liberator  
  150  13:55  Viking  
  150  13:59  SCV x2  
  154  14:05  Siege Tank  
  154  14:09  Hellion  
  157  14:11  Hellion  
  157  14:12  Siege Tank  
  157  14:16  Hellion  
  159  14:20  Hellion  
  144  14:29  SCV  
  144  14:30  Hellion  
  127  14:32  SCV x2, Hellion  
  127  14:37  Siege Tank x2  
  126  14:41  SCV, Hellion  
  126  14:44  SCV  
  126  14:46  Hellion  
  126  14:52  SCV x2, Hellion, Viking  
  121  14:53  SCV  
  121  14:57  Hellion  
  118  15:02  SCV  
  113  15:07  Hellion  
  113  15:10  Hellion  
  113  15:18  Hellion  
  113  15:20  SCV  
  113  15:21  SCV  
  114  15:27  Hellion  
  107  15:35  Siege Tank  
  112  15:39  Hellion  
  112  15:41  SCV x3  
  114  15:47  Siege Tank  
  114  15:50  Hellion  
  114  15:51  Sensor Tower  
  116  16:01  Hellion  
  114  16:04  Viking  
  114  16:06  Viking  
  114  16:10  Hellion  
  113  16:13  Hellion  
  113  16:14  Siege Tank  
  113  16:15  SCV  
  108  16:21  Hellion  
  105  16:28  SCV  
  105  16:30  SCV  
  105  16:38  Hellion, Siege Tank  
  107  16:41  Hellion  
  107  16:47  SCV x2  
Tags
 
Add a new tag
Caveats
  • Supply blocks, unpowered buildings, or Contaminate may cause inaccurate times.
  • Supply counts are checked every 10 seconds.